AoeStats
← ThePipetator

Black Forest

504558239Analyzed
1v1 RM · 25d ago on Sep 5, 2026· 60m 52s· 2 players
Game mode
Random Map
Map size
Tiny (2 player)
Population
200
Speed
Normal
Resources
Standard
Victory
Conquest
Starting age
Dark Age
Ending age
Imperial Age
RankedLock teamsTeams togetherTeam positionsShared explorationLock speedFull tech treeHidden civsTurbo modeCheats
Victory
Defeat
🇧🇷 Poles · Brazil
1313
+18
🇷🇺 Goths · Russia
1348
-18
Oceanz
10:20 Feudal Age
14:34 Castle Age
13:54 Double-Bit Axe
15:34 Bow Saw
16:53 Loom
21:25 Bow Saw
21:00 Horse Collar
25:49 Heavy Plow
28:01 Wheelbarrow
30:24 Gold Mining
30:24 Stone Mining
33:38 Imperial Age
31:54 Bloodlines
31:45 Husbandry
31:53 Scale Barding Armor
31:59 Forging
31:51 Town Watch
32:53 Fletching
33:35 Hand Cart
33:57 Chain Barding Armor
34:13 Iron Casting
34:14 Bodkin Arrow
34:19 Padded Archer Armor
35:36 Crop Rotation
35:08 Bracer
36:38 Chemistry
35:49 Masonry
36:01 Ballistics
36:02 Leather Archer Armor
36:38 Stone Shaft Mining
36:51 Lechitic Legacy
36:21 Cavalier
38:19 Blast Furnace
37:32 Crossbowman
38:17 Thumb Ring
40:29 Siege Engineers
40:05 Treadmill Crane
39:53 Arbalester
43:39 Conscription
43:31 Szlachta Privileges
43:46 Conscription
42:55 Light Cavalry
45:27 Fortified Wall
45:13 Murder Holes
45:36 Winged Hussar
47:02 Hoardings
ThePipetator
0:37 Loom
10:59 Feudal Age
11:24 Man-at-Arms
11:53 Double-Bit Axe
12:33 Scale Mail Armor
13:37 Horse Collar
15:38 Forging
21:36 Castle Age
19:41 Gold Mining
22:35 Bow Saw
23:03 Wheelbarrow
22:54 Heavy Plow
22:41 Long Swordsman
22:42 Pikeman
23:22 Squires
23:40 Chain Mail Armor
23:22 Town Watch
24:47 Hand Cart
25:23 Stone Mining
28:18 Iron Casting
27:34 Fletching
28:33 Stone Shaft Mining
33:45 Imperial Age
31:26 Bodkin Arrow
31:54 Town Patrol
32:30 Masonry
33:00 Padded Archer Armor
33:07 Scale Barding Armor
33:57 Leather Archer Armor
33:59 Anarchy
35:27 Blast Furnace
34:52 Conscription
33:54 Two-Handed Swordsman
33:55 Halberdier
36:24 Chemistry
34:47 Capped Ram
36:48 Two-Man Saw
36:53 Crop Rotation
35:58 Onager
37:06 Perfusion
37:57 Architecture
37:30 Bracer
38:01 Ring Archer Armor
37:38 Champion
38:41 Chain Barding Armor
38:46 Elite Huskarl
39:59 Guilds
40:49 Ballistics
40:25 Murder Holes
46:24 Elite Skirmisher
Connection lost

Rejoining the realm…

Still unreachable

The connection could not be restored.

Session expired

The server has moved on; the page needs a fresh start.